Map: Oxide LE

Players

SaxTax (MaxPax)

  • Race: Protoss Protoss
  • League: Grandmaster

DoriToDust (HeroMarine) - Winner!

  • Race: Terran Terran
  • League: Grandmaster

VOD

Have the link to the VOD?

Description

Time

  • Played on: Sept. 6, 2021, 3:55 p.m.
  • Length: 10:33
Show
View Real Time Build Order
Export as new Build Order

SaxTax Protoss 

Build Orders: 1 Gate Expand, Blink Stalkers, Zealot Archon, Dark Templar Rush 

Get SALT Encoding   

  12  0:00  Probe  
  13  0:12  Probe  
  14  0:17  Pylon  
  14  0:24  Probe (Chrono Boost)  
  15  0:36  Probe (Chrono Boost)  
  15  0:37  Gateway  
  16  0:44  Probe (Chrono Boost)  
  16  0:46  Assimilator  
  17  0:50  Probe  
  18  1:03  Probe  
  19  1:15  Probe  
  20  1:25  Cybernetics Core  
  20  1:32  Nexus  
  20  1:35  Probe  
  21  1:42  Pylon  
  21  1:47  Probe  
  21  1:49  Assimilator  
  22  1:58  Adept (Chrono Boost)  
  22  1:59  Probe  
  25  2:02  Warp Gate  
  25  2:11  Probe  
  26  2:18  Adept (Chrono Boost)  
  28  2:23  Probe  
  29  2:32  Twilight Council  
  29  2:35  Probe  
  30  2:44  Probe  
  31  2:45  Stalker  
  31  2:47  Probe  
  34  2:56  Probe (Chrono Boost)  
  35  3:01  Gateway  
  35  3:04  Blink (Chrono Boost)  
  35  3:05  Probe (Chrono Boost)  
  36  3:08  Probe (Chrono Boost)  
  38  3:13  Probe (Chrono Boost)  
  38  3:14  Probe (Chrono Boost)  
  39  3:22  Probe  
  39  3:24  Probe  
  41  3:28  Pylon  
  41  3:34  Probe  
  41  3:36  Probe  
  41  3:39  Robotics Facility  
  43  3:46  Probe  
  43  3:48  Probe  
  45  3:54  Dark Shrine  
  45  3:55  Gateway  
  43  3:58  Probe  
  43  4:00  Probe  
  45  4:03  Pylon  
  45  4:05  Assimilator  
  45  4:09  Stalker  
  47  4:10  Probe  
  47  4:12  Stalker, Probe  
  51  4:18  Pylon  
  52  4:24  Pylon  
  51  4:33  Nexus  
  51  4:36  Warp Prism (Chrono Boost)  
  51  4:41  Probe  
  51  4:43  Probe  
  55  4:48  Stalker  
  55  4:51  Stalker  
  59  4:53  Probe  
  60  5:01  Charge (Chrono Boost), Gateway  
  60  5:02  Probe  
  61  5:09  Gateway  
  61  5:13  Probe  
  62  5:15  Probe  
  62  5:21  Gateway  
  63  5:25  Immortal (Chrono Boost), Probe  
  68  5:28  Probe  
  69  5:40  Dark Templar x2  
  71  5:46  Probe (Chrono Boost)  
  71  5:48  Probe (Chrono Boost)  
  71  5:49  Probe (Chrono Boost)  
  74  5:53  Archon  
  74  5:55  Gateway  
  74  5:58  Probe (Chrono Boost)  
  74  5:59  Pylon, Stalker  
  74  6:00  Stalker  
  74  6:03  Probe (Chrono Boost)  
  81  6:05  Probe (Chrono Boost)  
  81  6:09  Stalker  
  81  6:11  Probe (Chrono Boost)  
  81  6:12  Observer  
  81  6:15  Probe  
  81  6:16  Stalker  
  82  6:19  Probe  
  82  6:22  Probe  
  79  6:31  Immortal (Chrono Boost), Probe  
  82  6:40  Gateway  
  82  6:42  Gateway  
  82  6:43  Zealot x2  
  82  6:44  Shield Battery  
  82  6:45  Probe  
  82  6:46  Probe  
  88  6:48  Probe  
  88  6:52  Zealot  
  91  7:00  Pylon  
  91  7:01  Zealot x3, Sentry  
  93  7:03  Probe  
  93  7:04  Probe  
  93  7:08  Pylon  
  101  7:09  Pylon  
  99  7:20  Dark Templar x2  
  103  7:24  Zealot x3, Archon  
  103  7:26  Zealot  
  111  7:36  Pylon  
  111  7:37  Zealot x2  
  103  7:45  Zealot x3  
  103  7:48  Dark Templar  
  109  7:59  Zealot x2  
  109  8:00  Zealot x3  
  119  8:10  Immortal (Chrono Boost)  
  119  8:12  Zealot x2  
  97  8:23  Zealot x6  
  93  8:34  Dark Templar  
  93  8:35  Dark Templar  
  93  8:36  Observer  
  93  8:40  Shield Battery  
  95  8:41  Forge  
  95  8:44  Zealot x6  
  105  9:00  Zealot x2  
  109  9:04  Dark Templar x2  
  109  9:05  Zealot x3  
  108  9:23  Zealot x3  
  94  9:28  Zealot x3  
  94  9:30  Archon  
  100  9:37  Zealot x2  
  102  9:44  Zealot x3  
  84  9:50  Zealot x3  
  63  9:58  Dark Templar x2  
  57  10:00  Stalker x2  
  61  10:08  Dark Templar  
  61  10:13  Dark Templar, Zealot  
  67  10:18  Dark Templar  
  62  10:23  Zealot x2  
Show
View Real Time Build Order
Export as new Build Order

DoriToDust Terran - Winner!

Build Orders: Reaper Expand 

Get SALT Encoding   

  12  0:00  SCV  
  13  0:12  SCV  
  14  0:17  Supply Depot  
  14  0:24  SCV  
  15  0:38  SCV  
  15  0:39  Barracks  
  15  0:42  Refinery  
  16  0:50  SCV  
  17  1:03  SCV  
  18  1:15  SCV  
  19  1:26  Reaper  
  19  1:27  Orbital Command  
  20  1:46  Command Center  
  20  1:51  Supply Depot  
  20  1:52  SCV  
  21  1:58  Marine  
  22  2:05  SCV  
  23  2:09  Factory  
  23  2:17  SCV  
  23  2:19  Bunker  
  23  2:21  Barracks Reactor  
  24  2:27  Refinery  
  24  2:29  SCV  
  25  2:41  SCV  
  26  2:53  SCV  
  26  2:54  Hellion  
  26  2:57  Starport  
  26  2:58  Marine x2  
  31  3:01  Orbital Command  
  31  3:05  SCV  
  31  3:16  Marine x2  
  31  3:18  Factory Tech Lab  
  31  3:19  SCV  
  34  3:29  SCV  
  34  3:31  SCV  
  34  3:33  Marine  
  34  3:34  Supply Depot, Marine  
  38  3:35  Starport Tech Lab  
  38  3:41  SCV  
  38  3:42  Refinery  
  38  3:43  SCV  
  38  3:44  Siege Tank  
  43  3:51  Marine x2  
  43  3:53  SCV  
  46  3:56  SCV  
  46  4:00  Barracks  
  45  4:06  SCV, Supply Depot  
  45  4:08  SCV  
  45  4:09  Banshee  
  47  4:16  Siege Tank  
  53  4:18  Marine  
  54  4:27  SCV x2, Marine, Engineering Bay  
  57  4:36  Marine  
  58  4:40  SCV x2  
  58  4:45  Marine  
  61  4:48  Siege Tank  
  61  4:51  Barracks  
  64  4:53  Raven  
  64  4:54  SCV x2  
  64  4:56  Marine  
  64  4:59  Refinery  
  69  5:01  Supply Depot  
  69  5:04  Barracks Tech Lab  
  69  5:06  SCV  
  70  5:08  Terran Infantry Weapons Level 1  
  70  5:11  Supply Depot  
  70  5:22  Supply Depot, Marine  
  70  5:23  SCV x2  
  70  5:24  Supply Depot, Stimpack  
  70  5:26  Marine  
  70  5:28  Marine  
  75  5:35  SCV x2  
  75  5:38  Siege Tank  
  75  5:40  Marine  
  77  5:43  Marine  
  79  5:50  Missile Turret  
  79  5:53  Combat Shield  
  79  5:54  Starport Reactor  
  78  5:58  Marine, Marauder x2  
  78  6:01  Marine  
  82  6:11  Siege Tank  
  82  6:16  Marine  
  86  6:19  Marine, Marauder x2  
  86  6:21  Barracks x2  
  85  6:31  Medivac x2  
  85  6:34  Marine  
  85  6:36  SCV x2  
  85  6:37  Supply Depot, Marine  
  89  6:41  Marauder x2  
  89  6:43  Siege Tank  
  96  6:47  Supply Depot  
  96  6:49  SCV x2  
  98  6:59  Supply Depot  
  98  7:01  Medivac x2, Marine x2  
  98  7:02  Missile Turret  
  98  7:08  Marauder x2  
  108  7:10  Marine x2  
  110  7:16  Supply Depot  
  110  7:21  Marine x2  
  110  7:22  Siege Tank  
  115  7:26  Concussive Shells  
  115  7:29  Marauder  
  119  7:30  Marauder  
  119  7:36  Marine x2  
  116  7:39  SCV x2  
  116  7:42  Marine x2  
  118  7:48  Medivac x2  
  118  7:50  Marine  
  118  7:51  Marauder  
  125  7:53  Marine  
  125  7:54  Marine  
  127  7:59  Marine  
  127  8:00  Marine  
  127  8:05  Widow Mine  
  131  8:08  Marine  
  131  8:11  Marine x2  
  131  8:12  Marine  
  123  8:17  Marine x2  
  123  8:18  Medivac x2  
  123  8:19  SCV  
  119  8:20  SCV  
  119  8:26  Marine  
  113  8:29  Marine x3  
  113  8:33  Widow Mine  
  114  8:35  Marine x2  
  116  8:44  Marine  
  116  8:47  Marine x3  
  116  8:48  Liberator x2  
  120  8:53  Marine x2  
  128  8:57  Widow Mine  
  128  9:02  Marine  
  131  9:05  Marine x3  
  133  9:12  Marine x2  
  124  9:19  Marine  
  124  9:22  Marine  
  124  9:23  Marine x2  
  115  9:33  Marine x2  
  114  9:43  Marine x2  
  102  9:46  Marine x2  
  102  9:52  Marine x2  
  99  9:58  Medivac  
  97  10:01  Marine  
Tags
 
Add a new tag
Caveats
  • Supply blocks, unpowered buildings, or Contaminate may cause inaccurate times.
  • Supply counts are checked every 10 seconds.